 Dungeon Crawl Stone Soup version 0.30-a0-174-gbc10bd73c2 (webtiles) character file.

Game seed: 16617519680007440349

65 qw the Chopper (level 4, -3/28 HPs)
             Began as a Gargoyle Fighter on Oct 1, 2022.
             Slain by Sigmund
             ... wielding a +0 scythe
              (8 damage)
             ... on level 2 of the Dungeon.
             The game lasted 00:00:34 (666 turns).

qw the Chopper (Gargoyle Fighter)                    Turns: 666, Time: 00:00:34

Health: -3/28      AC: 10    Str: 22    XL:     4   Next: 14%
Magic:  4/4        EV:  9    Int:  8    God:
Gold:   51         SH:  4    Dex:  9    Spells: 3/3 levels left

rFire   . . .      SeeInvis .    Y - +1 war axe
rCold   . . .      Faith    .    c - +0 buckler
rNeg    + . .      Spirit   .    b - +0 scale mail
rPois   inf        Reflect  .    (no helmet)
rElec   +          Harm     .    (no cloak)
rCorr   .          Rampage  .    (no gloves)
Will    .....                    (no boots)
Stlth   ..........               (no amulet)
HPRegen 0.24/turn                (no ring)
MPRegen 0.09/turn                (no ring)

@: no status effects
A: sickness immunity, AC +3, negative energy resistance 1, electricity
resistance, torment resistance 1, petrification resistance
a: no special abilities


You were on level 2 of the Dungeon.
You visited 1 branch of the dungeon, and saw 2 of its levels.

You collected 51 gold pieces.


Innate Abilities, Weirdness & Mutations

You are immune to sickness and miasma.
Your stone body is resilient. (AC +3)
You are immune to poison.
You resist negative energy. (rN+)
You are resistant to electric shocks. (rElec)
You are resistant to unholy torment.
You are immune to petrification.


   Skills:
 - Level 3.2 Fighting
 + Level 3.9 Axes
 - Level 3.2 Armour
 - Level 3.2 Shields


You had 3 spell levels left.
You didn't know any spells.
Your spell library was empty.

Inventory:

Hand Weapons
 h - a +0 club
 Y - a +1 war axe (weapon)
Armour
 b - a +0 scale mail (worn)
 c - a +0 buckler (worn)
Potions
 a - a potion of curing {unknown}
 d - a potion of might
 f - a potion of heal wounds {unknown}

Dungeon Overview and Level Annotations

Branches:
Dungeon (2/15)

Altars:

Annotations:
D:2 Sigmund


Message History

Sigmund is heavily wounded.
Sigmund hits you with a +0 scythe.
You completely miss Sigmund.
Sigmund is heavily wounded.
Sigmund hits you with a +0 scythe.
You hit Sigmund but do no damage.
Sigmund is heavily wounded.
Sigmund points at you and mumbles some strange words.
You are confused.
Sigmund hits you but does no damage.
You barely miss Sigmund.
Sigmund is heavily wounded.
You bump into the rock wall.
Sigmund says, "Look into my eyes."
Sigmund hits you but does no damage.
You bump into the rock wall.
Sigmund casts a spell.
Sigmund flickers and vanishes!
Deactivating autopickup; reactivate with Ctrl-A.
You're too confused to attack without stumbling around!
There is a strange disturbance nearby!
Something hits you.
You're too confused to attack without stumbling around!
There is a strange disturbance nearby!
You're too confused to attack without stumbling around!
There is a strange disturbance nearby!
You feel less confused. Something hits you.
You barely miss something. Something hits you.
You slash something! Something hits you but does no damage.
You miss something. Something hits you!
You miss something. Something hits you.
You miss something. You barely miss something. Something hits you!
You die...

#.......# #.....# #
#.#.#.#.# #.....# #
#.##....# #.....#
#.##.#..# #.....#
#.##....# ##...##
#.##.##.###.###.#
#.......##..# #.#
####.#####..###.#
#.@.....##.#....###
#{##.##.##.........
... ..##..........##
....###..............#
......
#.##...........#
......
#.##.......)...# .....
..........%..<## #####
########..%..##
##...##


There were no monsters in sight!

Vanquished Creatures
  Jessica (D:2)
  2 dart slugs
  3 endoplasms
  3 giant cockroaches (D:1)
  4 goblins (D:1)
  3 hobgoblins
  4 jackals (D:2)
  3 ball pythons
  2 bats
  3 kobolds
  5 rats
33 creatures vanquished.

Notes
Turn   | Place    | Note
-------+----------+-------------------------------------------
     0 | D:1      | qw the Gargoyle Fighter began the quest for the Orb.
     0 | D:1      | Reached XP level 1. HP: 14/14 MP: 1/1
     0 | D:1      | 0 ||| qw: Version: 0.2-a-13-gfc7b4b4
     0 | D:1      | 0 ||| qw: Game counter: 1839
     0 | D:1      | 0 ||| qw: Always use a shield: true
     0 | D:1      | 0 ||| qw: God list: Okawaru
     0 | D:1      | 0 ||| qw: Allow faded altars: false
     0 | D:1      | 0 ||| qw: Do Orc after D:15 true
     0 | D:1      | 0 ||| qw: Do second Lair branch before Depths: true
     0 | D:1      | 0 ||| qw: Lair rune preference: random
     0 | D:1      | 0 ||| qw: Plans: Normal, Zot:1-4, God:TSO, Crypt, Tomb,
                  | Pan, Slime:5, Hells, Abyss, Orb
     0 | D:1      | 0 ||| PLANNING D:1-11
    97 | D:1      | Found a faded altar of an unknown god.
   119 | D:1      | Reached XP level 2. HP: 19/19 MP: 2/2
   319 | D:1      | Reached skill level 3 in Axes
   446 | D:1      | 446 ||| READING scroll labelled MAZXUH VOSAPAF.
   447 | D:1      | 447 ||| READING scroll labelled KIURENU UGUT.
   448 | D:1      | 448 ||| READING scroll labelled EXAOVIEXZA.
   449 | D:1      | 449 ||| Stepping randomly (stuck).
   450 | D:1      | 450 ||| Stepping randomly (stuck).
   453 | D:1      | 453 ||| Stepping randomly (stuck).
   457 | D:1      | 457 ||| Stepping randomly (stuck).
   459 | D:1      | 459 ||| Stepping randomly (stuck).
   461 | D:1      | 461 ||| Stepping randomly (stuck).
   462 | D:1      | 462 ||| Stepping randomly (stuck).
   486 | D:2      | Reached XP level 3. HP: 22/23 MP: 3/3
   557 | D:2      | 557 ||| Stepping ~*~*~tactically~*~*~ (stealth).
   558 | D:2      | 558 ||| Stepping ~*~*~tactically~*~*~ (stealth).
   572 | D:2      | Noticed Jessica
   573 | D:2      | 573 ||| Stepping ~*~*~tactically~*~*~ (stealth).
   578 | D:2      | Killed Jessica
   579 | D:2      | Reached XP level 4. HP: 28/28 MP: 4/4
   598 | D:2      | 598 ||| Stepping ~*~*~tactically~*~*~ (stealth).
   612 | D:2      | 612 ||| Stepping ~*~*~tactically~*~*~ (stealth).
   619 | D:2      | 619 ||| Stepping ~*~*~tactically~*~*~ (stealth).
   620 | D:2      | 620 ||| Stepping ~*~*~tactically~*~*~ (stealth).
   621 | D:2      | 621 ||| Stepping ~*~*~tactically~*~*~ (stealth).
   646 | D:2      | Noticed Sigmund
   647 | D:2      | 647 ||| Stepping ~*~*~tactically~*~*~ (hiding).
   648 | D:2      | 648 ||| Stepping ~*~*~tactically~*~*~ (hiding).
   663 | D:2      | HP: 6/28 [something (10)]
   666 | D:2      | Slain by Sigmund

Levels and vault maps discovered:
D:1:      minmay_arrival_glassed_features, layout_rooms,
          nicolae_ecumenical_lake_church
D:2:      layout_loops_cross, uniq_robin, uniq_jessica, uniq_sigmund,
          uniq_crazy_yiuf_cottage

Skill      XL: |  1  2 |
---------------+-------+-----
Axes           | 2 3 |  3.9
Fighting       | |  3.2
Armour         | |  3.2
Shields        | |  3.2

Action                   |  1- 3 |  4- 6 || total
-------------------------+-------+-------++-------
Melee: War axe           |    80 |    21 ||   101
  Use: Scroll            |     3 |       ||     3
Armor: Scale mail        |    36 |     9 ||    45
Dodge: Dodged            |    39 |    15 ||    54
Block: Buckler           |    19 |     5 ||    24

Table legend:
 A = Non-vault XP
 B = Vault XP
 C = Vault XP percentage of total XP
 D = Non-vault monster count
 E = Vault monster count
 F = Vault count percentage of total count
                 A         B        C        D         E       F
            +---------+---------+-------+---------+---------+-------
      Total |      57 |      37 |  39.4 |      32 |       1 |   3.0
            +---------+---------+-------+---------+---------+-------
        D:1 |      33 |       0 |   0.0 |      19 |       0 |   0.0
        D:2 |      24 |      37 |  60.7 |      13 |       1 |   7.1
            +---------+---------+-------+---------+---------+-------
